 Dungeon Crawl Stone Soup version 0.29-a0-330-g52719c12eb (webtiles) character file.

Game seed: 14463452787993458088

21849 HoaS the Grappler (level 12, -9/123 HPs)
             Began as a Troll Gladiator on May 21, 2022.
             Was the Champion of Cheibriados.
             Mangled by a bone dragon (13 damage)
             ... on level 2 of the Abyss.
             The game lasted 00:41:13 (10633 turns).

HoaS the Grappler (Troll Gladiator)                Turns: 10633, Time: 00:41:14

Health: -9/123     AC: 16    Str: 40    XL:     12   Next: 57%
Magic:  15/15      EV: 15    Int: 19    God:    Cheibriados [******]
Gold:   1185       SH:  0    Dex: 42    Spells: 11/11 levels left

rFire   . . .      SeeInvis .     - Unarmed
rCold   . . .      Faith    .   (no shield)
rNeg    . . .      Spirit   .   n - +1 storm dragon scales
rPois   .          Reflect  .   b - +1 hat
rElec   +          Harm     .   q - scarf {repulsion}
rCorr   .          Rampage  .   (gloves unavailable)
Will    .....                   (boots unavailable)
Stlth   ..........              z - amulet of regeneration
HPRegen 1.90/turn               C - +6 ring of dexterity
MPRegen 0.14/turn               f - +6 ring of dexterity

@: studying Polearms, repel missiles, very slow
A: large, unfitting armour, claws 3, regeneration 1, shaggy fur 1, tough skin 1
a: Renounce Religion, Bend Time, Temporal Distortion, Slouch, Step From Time


You were on level 2 of the Abyss.
You worshipped Cheibriados.
Cheibriados was exalted by your worship.
You visited 2 branches of the dungeon, and saw 13 of its levels.
You visited the Abyss 1 time.
You also visited: Ossuary.

You collected 1185 gold pieces.

Inventory:

Missiles
 c - 2 throwing nets
 d - 11 large rocks (quivered)
 h - 16 poisoned darts
 y - 2 curare-tipped darts
 F - 11 boomerangs of dispersal
 I - 3 boomerangs
Armour
 b - a +1 hat (worn)
 n - +1 storm dragon scales (worn)
 q - a scarf of repulsion (worn)
Jewellery
 f - a +6 ring of dexterity (right claw)
 i - a +6 ring of strength
 z - an amulet of regeneration (around neck)
 C - a +6 ring of dexterity (left claw)
Wands
 m - a wand of polymorph (9)
 p - a wand of paralysis (2)
 w - a wand of mindburst (5)
 B - a wand of iceblast (22)
 E - a wand of flame (29)
 J - a wand of acid (6)
Scrolls
 r - a scroll of silence
 s - a scroll of identify
 t - 4 scrolls of fog
 v - a scroll of teleportation
Potions
 e - 3 potions of lignification
 g - a potion of ambrosia
 j - 6 potions of curing
 k - 3 potions of resistance
 l - 2 potions of flight
 o - a potion of cancellation
 x - 2 potions of attraction
 D - 2 potions of heal wounds


   Skills:
 * Level 9.3 Fighting
 + Level 6.2 Throwing
 + Level 6.2 Armour
 + Level 6.2 Dodging
 * Level 12.3 Unarmed Combat
 + Level 6.3 Invocations


You had 11 spell levels left.
You didn't know any spells.
Your spell library contained the following spells:

 Spells                   Type           Power      Damage    Failure   Level
 Freeze                   Ice            0%         1d3       54%         1
 Magic Dart               Conj           0%         1d3       54%         1
 Sandblast                Erth           0%         2d4       54%         1
 Shock                    Conj/Air       0%         1d3       54%         1
 Passwall                 Tmut/Erth      0%         N/A       69%         2
 Searing Ray              Conj           0%         2d4       69%         2
 Sublimation of Blood     Necr           0%         N/A       69%         2
 Dazzling Flash           Conj/Hex       0%         N/A       89%         3
 Stone Arrow              Conj/Erth      0%         3d7       89%         3
 Tukima's Dance           Hex            0%         N/A       89%         3
 Fulminant Prism          Conj/Hex       0%         3d6       100%        4
 Passage of Golubria      Tloc           0%         N/A       100%        4
 Summon Lightning Spire   Summ/Air       0%         N/A       100%        4
 Agony                    Necr           0%         N/A       100%        5
 Silence                  Hex/Air        0%         N/A       100%        5
 Yara's Violent Unravell  Hex/Tmut       0%         3d3       100%        5
 Simulacrum               Ice/Necr       0%         N/A       100%        6
 Storm Form               Tmut/Air       0%         N/A       100%        7
 Maxwell's Capacitive Co  Air            0%         ∞         100%        8


Dungeon Overview and Level Annotations

Branches:
Dungeon (11/15)            Temple (0/1) D:7            Lair (0/6) D:8
    Orc (2/2) D:11        Ossuary (visited)
    Elf: Orc:2

Altars:
Cheibriados
Dithmenos
Fedhas
Gozag
Kikubaaqudgha
Makhleb
Ru
Wu Jian
Yredelemnul
Zin
Beogh

Shops:
D:11 [

Annotations:
D:9 3 runed translucent doors
Orc:1 Sonja


Innate Abilities, Weirdness & Mutations

You are too large for most types of armour.
You have claws for hands.
Your natural rate of healing is unusually fast.
You are covered in fur. (AC +1)
You have tough skin. (AC +1)


Message History

The vampire bites you but does no damage.
You bump into the stone wall.
The vampire hits you but does no damage.
The vampire barely misses you.
You claw the vampire! Your claw misses the vampire.
The vampire is heavily damaged.
The vampire misses you. The vampire bites you.
The vampire draws strength from your injuries!
You mangle the vampire!!
You destroy the vampire!
That felt strangely unrewarding.
The bone dragon bites you!! The bone dragon claws you!
* * * LOW HITPOINT WARNING * * *
The bone dragon misses you.
You bump into the stone wall.
You feel less confused. The bone dragon barely misses you.
The bone dragon claws you but does no damage.
The bone dragon tramples you.
* * * LOW HITPOINT WARNING * * *
You hold your ground!
You mangle the bone dragon!!
The bone dragon is lightly damaged.
You mangle the bone dragon!!
The bone dragon is moderately damaged.
The bone dragon bites you!
* * * LOW HITPOINT WARNING * * *
The bone dragon claws you!
* * * LOW HITPOINT WARNING * * *
The bone dragon tramples you!
* * * LOW HITPOINT WARNING * * *
You stumble backwards!
You mangle the bone dragon!!
The bone dragon is heavily damaged.
The bone dragon barely misses you. The bone dragon misses you.
The bone dragon tramples you but does no damage.
You mangle the bone dragon!!
The bone dragon is heavily damaged.
The bone dragon completely misses you. The bone dragon claws you!
You die...

.# # .. ..#..#
#. .# #..
.#..## ...# #.
###. # #..
###...#...#.#..
. . .....#.#.
###..# # #.###
......#....# #
.## # ##.#..#..
# . ..
#.#...@#.####.
. # .##
###..#.##D##..#
.## # # .# . .
.. #.....# # #
. .#....
..#.#.# .
##....#...#...#
## .. .......#
. . # #..#
....# # # #...
# ...# # .## .
....


You could see a bone dragon.

Vanquished Creatures
  A very ugly thing (Abyss:2)
  2 boulder beetles (D:11)
  A hydra (D:11)
  3 two-headed ogres
  A death yak (D:7)
  A tengu warrior (D:11)
  2 thrashing horrors (Abyss:2)
  A wretched star (Abyss:2)
  A skeletal warrior (D:7)
  An orc knight (D:11)
  2 manticores
  An ugly thing (D:11)
  2 cyclopes (D:7)
  Maurice (D:8)
  A smoke demon (Abyss:2)
  2 gargoyles
  2 komodo dragons (D:8)
  2 kobold demonologists (D:11)
  A hellwing (Abyss:2)
  4 trolls
  Sigmund (D:5)
  3 flying skulls (Abyss:2)
  2 shadows
  A wraith (D:9)
  A ynoxinul (Abyss:2)
  17 yaks
  A large abomination (Abyss:2)
  A vampire (Abyss:2)
  2 wyverns
  3 steam dragons
  A small abomination (Abyss:2)
  4 golden eyes (Abyss:2)
  2 vampire mosquitoes (D:11)
  A basilisk (D:8)
  2 wargs (D:11)
  An acid dragon (D:5)
  A swamp drake (D:8)
  3 black bears
  16 orc warriors
  4 water moccasins
  4 ice beasts
  A sky beast (D:7)
  3 ogres
  6 centaurs
  3 kobold brigands
  3 bullfrogs (D:7)
  3 scorpions
  2 wyvern zombies (D:7)
  15 wights
  5 necrophages
  6 killer bees
  An electric eel (D:9)
  2 howler monkeys
  A lava snake (D:9)
  16 orc priests
  A centaur zombie (D:7)
  A hound (D:4)
  A gnoll shaman (D:7)
  A human zombie (D:7)
  2 iguanas
  Ijyb (D:2)
  16 orc wizards
  3 killer bee zombies (D:7)
  A centaur simulacrum (D:8)
  8 mummies (Ossuary)
  2 killer bee simulacra (D:8)
  3 howler monkey zombies (D:7)
  5 adders
  2 shadow imps (D:5)
  A white imp (D:8)
  2 ufetubi
  2 worms (D:2)
  7 dart slugs
  67 orcs
  5 ball pythons
  5 endoplasms
  4 giant cockroaches
  6 goblins
  8 hobgoblins
  8 quokkas
  5 bats (D:1)
  4 frilled lizards
  3 gnoll zombies (Ossuary)
  2 hobgoblin zombies (Ossuary)
  19 kobolds
  3 kobold zombies (Ossuary)
  6 rats
374 creatures vanquished.

Vanquished Creatures (others)
  A white imp (D:7)
  An orc (D:7)
  A lurking horror (Abyss:2)
  4 plants (D:10)
7 creatures vanquished.

Grand Total: 381 creatures vanquished

Notes
Turn   | Place    | Note
-------+----------+-------------------------------------------
     0 | D:1      | HoaS the Troll Gladiator began the quest for the Orb.
     0 | D:1      | Reached XP level 1. HP: 19/19 MP: 0/0
   267 | D:1      | Found a faded altar of an unknown god.
   273 | D:1      | Reached XP level 2. HP: 27/27 MP: 1/1
   276 | D:1      | Got Plato's Reference Book on the Frostbite
   360 | D:1      | Reached skill level 4 in Unarmed Combat
   644 | D:2      | Reached XP level 3. HP: 33/33 MP: 2/2
   720 | D:2      | Noticed a black bear
   734 | D:2      | Killed a black bear
   735 | D:2      | Reached skill level 5 in Unarmed Combat
   735 | D:2      | Reached XP level 4. HP: 25/41 MP: 3/3
   820 | D:2      | Reached XP level 5. HP: 48/48 MP: 4/4
  1096 | D:2      | Reached skill level 6 in Unarmed Combat
  1471 | D:3      | Noticed Ijyb
  1521 | D:3      | Noticed a water moccasin
  1525 | D:2      | Killed Ijyb
  1574 | D:3      | Reached XP level 6. HP: 49/54 MP: 5/5
  1747 | D:3      | Found a glowing silver altar of Zin.
  1765 | D:3      | Killed a water moccasin
  2590 | D:4      | Reached XP level 7. HP: 66/66 MP: 6/6
  2845 | D:5      | Entered Level 5 of the Dungeon
  2845 | D:5      | Found an ornate altar of the Wu Jian Council.
  3128 | D:5      | Reached skill level 1 in Armour
  3212 | D:5      | Found a snail-covered altar of Cheibriados.
  3229 | D:5      | Became a worshipper of Cheibriados the Contemplative
  3236 | D:5      | Noticed Sigmund
  3243 | D:5      | Reached skill level 7 in Unarmed Combat
  3246 | D:5      | Killed Sigmund
  3247 | D:5      | Reached skill level 1 in Invocations
  3310 | D:5      | Reached XP level 8. HP: 75/75 MP: 7/7
  3748 | D:6      | Reached * piety under Cheibriados
  3776 | D:6      | Reached skill level 8 in Unarmed Combat
  4104 | D:6      | Found a sand-covered staircase.
  4139 | Ossuary  | Entered an ossuary
  4450 | D:6      | Reached XP level 9. HP: 84/84 MP: 9/9
  4683 | D:7      | Found a staircase to the Ecumenical Temple.
  4702 | D:7      | Found a basalt altar of Yredelemnul.
  4703 | D:7      | Found an ancient bone altar of Kikubaaqudgha.
  4704 | D:7      | Found a glowing silver altar of Zin.
  4704 | D:7      | Found a sacrificial altar of Ru.
  4713 | D:7      | Noticed a cyclops
  4741 | D:7      | Killed a cyclops
  4742 | D:7      | Reached skill level 9 in Unarmed Combat
  4753 | D:7      | Noticed a troll
  4762 | D:7      | Killed a troll
  4765 | D:7      | Noticed a manticore
  4766 | D:7      | Noticed a skeletal warrior
  4774 | D:7      | Reached skill level 5 in Throwing
  4777 | D:7      | Reached skill level 5 in Dodging
  4779 | D:7      | Killed a manticore
  4784 | D:7      | Killed a skeletal warrior
  4784 | D:7      | Reached ** piety under Cheibriados
  4785 | D:7      | Reached XP level 10. HP: 77/94 MP: 11/11
  4830 | D:7      | Reached skill level 5 in Fighting
  4841 | D:7      | Reached skill level 10 in Unarmed Combat
  4879 | D:7      | Noticed a gargoyle
  4887 | D:7      | Killed a gargoyle
  4927 | D:7      | Noticed a cyclops
  4935 | D:7      | Killed a cyclops
  4943 | D:7      | Got Akuwnuo's Catalogue of Dark Rituals and the Birds
  4951 | D:7      | Identified the ring "Sodipio" {Wiz *Slow rC+ Dex+2}
  4953 | D:7      | Identified the amulet of Weplyc {rC+ Will+ Regen+ Dex+3
                  | Slay-5}
  5069 | D:7      | Found an opulent altar of Gozag.
  5735 | D:7      | Reached *** piety under Cheibriados
  5757 | D:7      | Found a basalt altar of Yredelemnul.
  5966 | D:8      | Noticed a death yak
  5977 | D:7      | Killed a death yak
  6151 | D:8      | Reached skill level 11 in Unarmed Combat
  6179 | D:8      | Reached XP level 11. HP: 58/99 MP: 12/12
  6262 | D:8      | Found an ancient bone altar of Kikubaaqudgha.
  6276 | D:8      | Noticed Maurice
  6279 | D:8      | Reached **** piety under Cheibriados
  6289 | D:8      | Killed Maurice
  6449 | D:8      | Reached skill level 5 in Armour
  6558 | D:8      | Found a shadowy altar of Dithmenos.
  6912 | D:8      | Found a staircase to the Lair.
  7005 | D:8      | Found a sacrificial altar of Ru.
  7774 | D:9      | Found the +3 woodcutter's axe {vorpal}
  7809 | D:9      | Reached ***** piety under Cheibriados
  7896 | D:9      | Noticed a two-headed ogre
  7903 | D:9      | Killed a two-headed ogre
  7904 | D:9      | Reached skill level 12 in Unarmed Combat
  7917 | D:9      | Found a runed translucent gate.
  7917 | D:9      | Found a runed translucent gate.
  7917 | D:9      | Found a runed translucent gate.
  7917 | D:9      | Noticed a white ugly thing
  7919 | D:9      | Noticed a red ugly thing
  7919 | D:9      | Noticed a green ugly thing
  7919 | D:9      | Noticed a glowing orange brain
  7919 | D:9      | Noticed a brown ugly thing
  7919 | D:9      | Noticed a green ugly thing
  7921 | D:9      | Noticed a cyan ugly thing
  8042 | D:9      | Noticed a two-headed ogre
  8050 | D:9      | Killed a two-headed ogre
  8051 | D:9      | Reached skill level 5 in Invocations
  8103 | D:9      | Found a burning altar of Makhleb.
  8103 | D:9      | Noticed a balrug
  8358 | D:10     | Entered Level 10 of the Dungeon
  8412 | D:10     | Found a blossoming altar of Fedhas.
  8717 | D:10     | Noticed a two-headed ogre
  8723 | D:10     | Killed a two-headed ogre
  9238 | D:11     | Found a staircase to the Orcish Mines.
  9295 | D:11     | Reached XP level 12. HP: 114/119 MP: 15/15
  9399 | D:11     | Noticed a boulder beetle
  9412 | D:11     | Killed a boulder beetle
  9619 | D:11     | Noticed a tengu warrior
  9626 | D:11     | Killed a tengu warrior
  9658 | D:11     | Noticed a five-headed hydra
  9661 | D:11     | Killed a five-headed hydra
  9802 | D:11     | Noticed a boulder beetle
  9821 | D:11     | Killed a boulder beetle
  9926 | D:11     | Found Qopsoc's Specialty Armours.
  9990 | Orc:1    | Entered Level 1 of the Orcish Mines
 10004 | D:11     | Reached ****** piety under Cheibriados
 10130 | Orc:1    | Noticed Sonja
 10190 | Orc:1    | You fall into a shaft and drop 1 floor!
 10190 | Orc:2    | Entered Level 2 of the Orcish Mines
 10230 | Orc:1    | Cast into level 2 of the Abyss (Sonja)
 10604 | Abyss:2  | Noticed a purple very ugly thing
 10620 | Abyss:2  | Killed a purple very ugly thing
 10622 | Abyss:2  | Noticed a bone dragon
 10631 | Abyss:2  | HP: 1/123 [bone dragon (12)]
 10633 | Abyss:2  | Mangled by a bone dragon

Illustrated notes

Levels and vault maps discovered:
D:1:      nagdon_arrival_zigzag_paths, layout_basic,
          shapermc_ecumenical_altar_rom_forum
D:2:      layout_loops_ring, kennysheep_generic_room_3
D:3:      layout_loops_ring, mainiacjoe_overflow_brackets, uniq_ijyb
D:4:      layout_basic, minivault_19
D:5:      layout_loops_corners, cheibriados_altar_1,
          mainiacjoe_overflow_small_starburst, serial_bayou_crossing,
          uniq_sigmund
D:6:      layout_gridville, enter_ossuary_1, minivault_5
D:7:      minmay_the_grid_octo_tiled_squarecenter [minmay_the_grid_octo_shrine,
          minmay_the_grid_octo_fat_diamond, minmay_the_grid_octo_teeth,
          minmay_the_grid_octo_vomiting_pacman,
          minmay_the_grid_square_5x5_megaprize_crossed,
          minmay_the_grid_square_5x5_checkered,
          minmay_the_grid_square_5x5_bracketed,
          minmay_the_grid_square_5x5_doubleslash,
          minmay_the_grid_square_5x5_two], layout_loops_corners,
          lemuel_mausoleum_altar_yredelemnul, minmay_fractal_squares_gapless_5
D:8:      layout_basic, overflow_temple_1_default,
          nicolae_overflow_crystal_walls, nicolae_dithmenos_shadow_blocks,
          erik_lair_dragon, serial_ice, serial_ice_o, serial_ice_m,
          serial_ice_g, serial_ice_h, st_stairs_10, uniq_maurice
D:9:      layout_rooms, makhleb_altar_promises_db, special_room
          [special_room_orc], ploomutoo_gammafunk_ghost_potion_laboratory,
          serial_curves, eino_curves_04, eino_curves_02, eino_curves_04,
          minmay_misc_feat_alley, nicolae_lava_and_water
D:10:     layout_roguey, fedhas_altar_1
D:11:     cheibrodos_barr_body, layout_basic, minmay_orc_entry_temple_small,
          nicolae_barding_shop
Orc:1:    layout_caves, uniq_sonja
Orc:2:    st_orc_rangers, layout_diamond_mine
Abyss:2:  base:
D:7

Skill      XL: |  1  2  3  4  5  6  7  8  9 10 11 12 |
---------------+-------------------------------------+-----
Unarmed Combat | 4 5 6 7 8 9 11 12 | 12.3
Throwing       | 2 3 4 5 6 |  6.2
Fighting       | 2 3 4 5 7 9 |  9.3
Dodging        | 3 4 5 6 |  6.2
Armour         | 1 2 3 4 6 |  6.2
Invocations    | 1 2 3 5 6 |  6.3

Action                   |  1- 3 |  4- 6 |  7- 9 | 10-12 || total
-------------------------+-------+-------+-------+-------++-------
Melee: Unarmed           |    65 |   161 |   186 |   578 ||   990
       Punch             |     1 |     8 |     7 |    49 ||    65
Throw: Throwing net      |     3 |       |       |     1 ||     4
       Dart              |       |     2 |     1 |     4 ||     7
       Large rock        |       |     1 |     3 |    13 ||    17
       Boomerang         |       |       |       |     3 ||     3
Invok: Bend Time         |       |       |     1 |     2 ||     3
Evoke: Wand              |       |       |       |     4 ||     4
  Use: Scroll            |     3 |     4 |     6 |    15 ||    28
       Potion            |       |       |     1 |     4 ||     5
 Stab: Held in net/web   |     1 |       |       |     4 ||     5
       Sleeping          |       |     4 |       |       ||     4
       Distracted        |       |     1 |       |       ||     1
Armor: Robe              |    34 |    32 |       |       ||    66
       Skin              |       |     2 |       |       ||     2
       Storm dragon scal |       |    19 |    94 |   329 ||   442
Dodge: Dodged            |    42 |    77 |    82 |   558 ||   759
       Repelled          |       |       |     2 |    18 ||    20

Table legend: (Time is in decaauts)
 A = Elapsed time spent in this place.
 B = Non-inter-level travel time spent in this place.
 C = Inter-level travel time spent in this place.
 D = Time resting spent in this place.
 E = Time spent auto-exploring this place.
 F = Levels seen in this place.
 G = Mean time per level.
                   A        B        C        D        E       F      G
               +--------+--------+--------+--------+--------+-----+--------+
         Total |  14035 |  13604 |    431 |    844 |   9784 |  15 |  935.7 |
       Dungeon |  13131 |  12701 |    430 |    762 |   9359 |  11 | 1193.7 |
  Orcish Mines |     74 |     74 |      0 |      0 |      0 |   2 |   37.0 |
         Abyss |    586 |    586 |      0 |     82 |    304 |   1 |  586.0 |
       Ossuary |    242 |    242 |      0 |      0 |    121 |   1 |  242.0 |
               +--------+--------+--------+--------+--------+-----+--------+

Top non-repeatable levels by time:
     D:8: 2070 daAuts
     D:7: 1867 daAuts
    D:11: 1677 daAuts
     D:9: 1554 daAuts
    D:10: 1245 daAuts
     D:5: 1017 daAuts
     D:6: 875 daAuts
     D:3: 860 daAuts
     D:2: 702 daAuts
     D:4: 689 daAuts
 Abyss:2: 586 daAuts
     D:1: 570 daAuts
 Ossuary: 242 daAuts
   Orc:1: 50 daAuts
   Orc:2: 23 daAuts
